Map: Blackburn LE

Players

SKillous

  • Race: Protoss Protoss

Clem - Winner!

  • Race: Terran Terran

Event: DreamHack SC2 Masters 2021 Fall

VOD

Have the link to the VOD?

Description

Time

  • Played on: Aug. 5, 2021, 11:01 a.m.
  • Length: 8:38

All games in this series

Show
View Real Time Build Order
Export as new Build Order

SKillous Protoss 

Build Orders: 1 Gate Expand 

Get SALT Encoding   

  12  0:00  Probe  
  13  0:12  Probe  
  14  0:17  Pylon  
  14  0:24  Probe  
  15  0:35  Gateway  
  15  0:37  Probe (Chrono Boost)  
  16  0:46  Probe (Chrono Boost)  
  16  0:47  Assimilator  
  17  0:51  Probe (Chrono Boost)  
  18  1:03  Probe  
  19  1:15  Probe  
  20  1:22  Cybernetics Core  
  20  1:32  Nexus  
  20  1:40  Pylon  
  20  1:43  Probe  
  21  1:48  Assimilator  
  21  1:55  Probe  
  21  1:56  Adept (Chrono Boost)  
  24  2:08  Probe  
  25  2:16  Adept (Chrono Boost)  
  27  2:23  Stargate  
  27  2:24  Probe  
  28  2:31  Warp Gate  
  29  2:38  Adept, Probe (Chrono Boost)  
  31  2:44  Probe (Chrono Boost)  
  33  2:53  Probe x2 (Chrono Boost)  
  34  2:58  Probe (Chrono Boost)  
  34  3:00  Probe  
  38  3:12  Probe (Chrono Boost)  
  38  3:14  Assimilator  
  38  3:15  Fleet Beacon  
  38  3:22  Probe (Chrono Boost)  
  38  3:25  Probe (Chrono Boost)  
  39  3:27  Pylon  
  39  3:30  Probe (Chrono Boost)  
  39  3:31  Probe (Chrono Boost)  
  41  3:39  Probe  
  41  3:41  Probe  
  43  3:43  Gateway  
  43  3:51  Probe  
  43  3:53  Probe  
  43  3:55  Tempest (Chrono Boost)  
  50  4:04  Pylon  
  50  4:06  Probe  
  50  4:08  Probe  
  52  4:13  Shield Battery  
  52  4:19  Probe  
  53  4:27  Tempest (Chrono Boost)  
  53  4:28  Gateway  
  58  4:37  Gateway  
  58  4:42  Gateway  
  58  4:44  Shield Battery  
  58  4:47  Sentry  
  58  4:48  Sentry  
  62  4:52  Pylon  
  62  4:57  Pylon  
  60  5:07  Tempest (Chrono Boost)  
  60  5:13  Zealot x2  
  69  5:16  Pylon  
  69  5:21  Shield Battery  
  69  5:24  Stalker  
  71  5:33  Stalker x2  
  71  5:34  Stalker  
  77  5:42  Unknown  
  77  5:43  Zealot  
  77  5:44  Pylon  
  79  5:55  Zealot  
  79  5:56  Tempest (Chrono Boost)  
  86  6:02  Zealot x3  
  73  6:12  Zealot  
  73  6:16  Stalker  
  77  6:25  Stalker x3  
  71  6:33  Shield Battery  
  71  6:35  Pylon  
  71  6:38  Tempest (Chrono Boost)  
  71  6:45  Zealot x2  
  80  6:54  Sentry  
  80  6:55  Zealot x2  
  80  6:57  Gateway  
  77  7:11  Stalker  
  77  7:12  Zealot  
  70  7:17  Zealot x3  
  70  7:19  Tempest (Chrono Boost)  
  81  7:29  Shield Battery  
  81  7:36  Stalker x2  
  85  7:37  Zealot  
  85  7:38  Zealot  
  87  7:47  Stalker  
  85  7:52  Stalker  
  87  7:59  Zealot  
  87  8:00  Zealot x3  
  65  8:14  Zealot  
  43  8:20  Stalker x3  
  39  8:27  Zealot  
Show
View Real Time Build Order
Export as new Build Order

Clem Terran - Winner!

Build Orders:  

Get SALT Encoding   

  12  0:00  SCV  
  13  0:13  SCV  
  14  0:17  Supply Depot  
  14  0:25  SCV  
  15  0:38  SCV  
  15  0:41  Barracks  
  16  0:44  Refinery  
  16  0:50  SCV  
  17  1:03  SCV  
  18  1:15  SCV  
  19  1:27  Barracks Reactor  
  19  1:28  Orbital Command  
  19  1:43  Command Center  
  19  1:50  Supply Depot  
  19  1:54  SCV  
  20  2:03  Marine x2  
  20  2:06  SCV  
  23  2:12  Barracks  
  23  2:18  SCV  
  23  2:21  Marine  
  25  2:23  Marine  
  26  2:30  SCV  
  27  2:37  Barracks  
  27  2:39  Marine  
  27  2:41  Marine  
  27  2:43  SCV  
  30  2:55  Orbital Command  
  30  2:56  SCV  
  30  2:57  Marine  
  32  2:58  Marine  
  32  2:59  Barracks Tech Lab  
  33  3:07  Engineering Bay  
  33  3:08  SCV  
  33  3:15  Marine  
  33  3:16  Marine  
  33  3:18  Marine  
  36  3:20  SCV  
  36  3:21  Stimpack  
  36  3:25  SCV  
  38  3:27  Barracks Tech Lab  
  38  3:33  Marine  
  39  3:34  SCV, Missile Turret  
  39  3:36  Marine  
  39  3:38  Marine  
  42  3:41  SCV  
  42  3:43  Supply Depot  
  42  3:46  Combat Shield  
  42  3:47  SCV  
  44  3:49  Marine  
  44  3:52  Marine  
  46  4:04  Marine  
  46  4:05  SCV x2, Supply Depot  
  53  4:10  Marine, Marauder x2  
  53  4:13  Factory  
  54  4:18  Refinery  
  54  4:25  Supply Depot  
  54  4:26  Marine, SCV x2  
  54  4:28  Marine  
  54  4:30  Missile Turret  
  58  4:32  Marine x2  
  60  4:39  SCV x2  
  60  4:43  Refinery, Supply Depot  
  62  4:46  Marine x2  
  62  4:49  Marine  
  62  4:51  Marine, SCV x2  
  68  4:56  Terran Infantry Weapons Level 1  
  67  5:01  Starport  
  67  5:03  Refinery, SCV  
  67  5:05  Marine x2  
  70  5:07  Factory Reactor  
  70  5:09  Marine, Factory Tech Lab  
  70  5:11  Marine  
  71  5:15  Factory Reactor  
  71  5:20  Missile Turret  
  71  5:21  Supply Depot  
  68  5:23  Marine x2  
  68  5:28  SCV x2  
  71  5:29  Missile Turret  
  71  5:33  Marine x2  
  69  5:37  Supply Depot  
  69  5:41  Marine  
  70  5:43  Marine  
  70  5:48  SCV x2, Supply Depot  
  73  5:51  Marine  
  74  5:58  Factory Tech Lab  
  74  5:59  Medivac x2  
  74  6:04  Marine x2  
  74  6:05  Marine  
  74  6:09  Marine  
  74  6:10  SCV  
  79  6:15  SCV  
  79  6:17  Siege Tank  
  83  6:20  Supply Depot  
  83  6:22  Marine x2  
  83  6:23  Marine  
  80  6:29  Marine  
  80  6:31  Viking x2  
  75  6:40  Marine x2  
  75  6:41  Marauder  
  75  6:42  SCV x2  
  80  6:47  Marauder  
  80  6:48  Supply Depot  
  80  6:49  Siege Tank  
  84  6:57  Marine x2  
  86  7:01  Viking  
  86  7:02  Marauder  
  85  7:08  Marine  
  85  7:15  Marine x2  
  81  7:18  Refinery  
  81  7:19  Supply Depot, Viking  
  81  7:20  Concussive Shells  
  85  7:28  Marauder  
  87  7:31  Marine  
  87  7:32  Refinery  
  87  7:33  Marine  
  87  7:35  Viking  
  90  7:44  Marine  
  90  7:49  Viking, Marauder  
  93  7:52  Siege Tank, Missile Turret  
  93  7:55  Marine x2  
  98  8:02  Marine  
  98  8:09  Missile Turret  
  98  8:10  Marine  
  99  8:15  Supply Depot  
  99  8:16  Marauder  
  99  8:19  SCV  

Tags
 
Add a new tag
Caveats
  • Supply blocks, unpowered buildings, or Contaminate may cause inaccurate times.
  • Supply counts are checked every 10 seconds.